Map: [ESL] Oceanborn

Players

Kelazhur - Winner!

  • Race: Terran Terran
  • Spawn Location: 11:00

Lambo

  • Race: Zerg Zerg
  • Spawn Location: 5:00

Event: IEM Katowice 2024

VOD

Have the link to the VOD?

Description

Time

  • Played on: Dec. 8, 2023, 12:39 p.m.
  • Length: 18:38

All games in this series

Show
View Real Time Build Order
Export as new Build Order

Kelazhur Terran - Winner!

Build Orders: Hellion Banshee 

Get SALT Encoding   

  12  0:00  SCV  
  13  0:12  SCV  
  14  0:17  Supply Depot  
  14  0:24  SCV  
  15  0:38  SCV  
  15  0:40  Barracks  
  16  0:43  Refinery  
  16  0:51  SCV  
  17  1:03  SCV  
  18  1:15  SCV  
  19  1:27  Orbital Command, Marine  
  20  1:37  Command Center  
  20  1:48  Factory  
  20  1:53  SCV  
  21  2:03  Barracks Reactor, Supply Depot  
  21  2:05  SCV  
  22  2:10  Refinery  
  22  2:17  SCV  
  23  2:29  SCV  
  24  2:37  Starport  
  24  2:41  SCV  
  24  2:43  Hellion x2  
  29  2:49  Orbital Command  
  29  2:53  Barracks Tech Lab, SCV  
  34  3:09  SCV  
  35  3:12  Hellion  
  35  3:13  Hellion  
  35  3:18  SCV  
  36  3:20  Banshee, Cloaking Field  
  36  3:23  SCV  
  40  3:29  Supply Depot  
  40  3:30  SCV  
  41  3:35  SCV  
  46  3:42  Cyclone x2  
  46  3:51  SCV x2  
  46  3:53  Supply Depot  
  48  4:03  Banshee, Marine, SCV x2  
  54  4:15  SCV x2  
  56  4:17  Hellion x2  
  56  4:20  Supply Depot  
  60  4:27  SCV x2  
  62  4:36  Command Center  
  62  4:39  Supply Depot  
  62  4:41  SCV x2  
  62  4:48  Hellion x2  
  62  4:49  Banshee  
  69  4:53  SCV  
  70  5:01  SCV  
  70  5:02  Barracks Tech Lab  
  70  5:05  SCV  
  72  5:13  SCV  
  63  5:16  Barracks  
  63  5:17  Barracks  
  63  5:18  SCV  
  64  5:25  SCV  
  64  5:27  Refinery  
  65  5:29  Engineering Bay, Refinery  
  65  5:30  Marine, SCV, Engineering Bay  
  65  5:31  Stimpack  
  65  5:35  Cyclone  
  69  5:36  Cyclone  
  69  5:37  SCV  
  72  5:43  SCV  
  72  5:48  Marine  
  74  5:52  Orbital Command  
  74  5:54  SCV  
  72  5:58  SCV  
  72  6:00  Terran Infantry Weapons Level 1  
  72  6:01  Starport Reactor, Terran Infantry Armor Level 1  
  73  6:06  SCV  
  73  6:07  Barracks  
  73  6:08  Barracks  
  73  6:09  Barracks Reactor  
  74  6:13  Marine  
  74  6:18  SCV  
  76  6:19  Orbital Command  
  76  6:22  Marine  
  76  6:23  Marine  
  76  6:24  Siege Tank  
  81  6:26  SCV  
  81  6:30  Marine, SCV  
  84  6:38  SCV  
  85  6:40  Marine  
  85  6:41  Marine  
  85  6:42  Medivac, SCV  
  85  6:43  Supply Depot, Medivac  
  85  6:44  Supply Depot  
  85  6:46  Marine  
  93  6:48  Barracks x2  
  93  7:03  Supply Depot  
  93  7:04  Siege Tank, SCV, Marine x4  
  93  7:05  SCV, Marine x2  
  93  7:06  Marine  
  93  7:08  Supply Depot  
  105  7:09  Supply Depot  
  105  7:10  Combat Shield  
  105  7:11  SCV  
  106  7:17  SCV  
  106  7:22  Marine x2  
  109  7:24  Marine x5  
  114  7:33  Supply Depot  
  114  7:35  Supply Depot  
  114  7:37  Siege Tank  
  117  7:40  Marine x2  
  117  7:42  Marine x3  
  122  7:47  Marine  
  123  7:52  Barracks Reactor x2  
  123  7:54  Barracks  
  123  7:55  Barracks, Armory  
  123  7:58  Marine x2  
  123  8:00  Marine x3  
  123  8:01  Medivac x2  
  123  8:05  Marine  
  131  8:15  Marine x2  
  131  8:17  Marine x2  
  131  8:18  Marine  
  131  8:19  Siege Tank  
  130  8:23  Marine  
  131  8:28  Command Center  
  131  8:30  Missile Turret  
  131  8:31  Medivac  
  131  8:33  Marine x2  
  130  8:35  Marine  
  130  8:36  Marine  
  130  8:37  Marine x4  
  130  8:38  Marine  
  133  8:43  Marine  
  133  8:47  Missile Turret  
  123  8:51  Marine x2  
  123  8:53  Marine  
  123  8:54  Marine  
  125  8:57  Marine x5  
  125  9:01  Marine  
  131  9:09  Marine  
  119  9:15  Terran Infantry Weapons Level 2, Siege Tank, Medivac x2  
  106  9:17  Marine  
  106  9:18  Marine x2  
  106  9:21  Marine  
  106  9:22  Marine  
  103  9:26  Missile Turret, SCV  
  103  9:30  SCV x2  
  106  9:34  Terran Infantry Armor Level 2  
  107  9:38  SCV  
  107  9:41  Marine  
  107  9:42  Marine x5  
  107  9:43  Marine  
  114  9:46  SCV x2  
  114  9:50  Siege Tank, SCV  
  120  9:55  Marine x3  
  123  10:01  Missile Turret, Marine x6  
  123  10:03  SCV  
  123  10:04  SCV  
  123  10:06  Medivac  
  133  10:08  Marine x3  
  133  10:13  Marine  
  137  10:20  Factory, SCV x3  
  140  10:21  Marine  
  140  10:24  Widow Mine  
  143  10:29  Supply Depot, Marine  
  143  10:32  SCV  
  143  10:33  Marine x3  
  148  10:36  SCV  
  148  10:37  Marine  
  148  10:38  Marine x4  
  148  10:42  Terran Vehicle And Ship Armor Level 1  
  144  10:53  Marine  
  144  10:55  Marine  
  145  10:59  Marine  
  145  11:01  Marine  
  146  11:04  Medivac x2  
  146  11:08  Command Center, Missile Turret, Widow Mine  
  146  11:09  SCV x3  
  155  11:12  Supply Depot  
  155  11:13  Supply Depot  
  155  11:17  Marine  
  155  11:21  SCV  
  124  11:27  Marine  
  124  11:29  Widow Mine, Marine x10  
  129  11:35  Marine  
  127  11:45  Marine  
  127  11:46  Terran Infantry Weapons Level 3, Marine  
  127  11:47  Marine x6  
  122  11:48  Marine x3  
  122  11:53  Marine  
  107  12:01  Widow Mine  
  107  12:03  Marine  
  107  12:04  Marine x6  
  107  12:05  Marine  
  107  12:06  Marine x2  
  108  12:18  Marine x2  
  108  12:22  Marine x6  
  110  12:23  Widow Mine, Marine  
  110  12:28  Marine  
  115  12:35  Medivac x2  
  119  12:38  Marine x3  
  119  12:40  Terran Infantry Armor Level 3, Marine  
  119  12:43  Widow Mine, Drilling Claws  
  125  12:44  Widow Mine  
  127  12:57  Marine  
  128  13:05  Marauder, Command Center, Widow Mine, Marine  
  133  13:06  Widow Mine  
  133  13:08  Medivac  
  135  13:19  Medivac  
  133  13:26  Marauder, Widow Mine, Marine x5  
  144  13:27  Marine, Widow Mine  
  144  13:33  Barracks Tech Lab x2  
  144  13:46  Marine x3  
  144  13:47  Widow Mine, Marine x5  
  151  13:48  Widow Mine  
  151  13:49  Marine  
  151  13:52  SCV  
  150  14:03  Command Center  
  150  14:08  Marine, Marauder x2  
  150  14:09  Widow Mine  
  159  14:10  Widow Mine  
  159  14:23  Marine  
  159  14:24  Marauder, Marine x5  
  164  14:30  Widow Mine  
  149  14:31  Widow Mine  
  149  14:36  Marauder  
  149  14:37  Marine  
  149  14:38  Marauder  
  151  14:42  Medivac  
  151  14:43  Marine  
  153  14:46  Marine  
  153  14:52  Widow Mine  
  145  14:53  Widow Mine  
  145  14:57  Marine x4  
  145  14:58  Marauder  
  125  15:00  Marine  
  125  15:06  Marine x4  
  118  15:12  Marine  
  111  15:19  Medivac  
  111  15:20  Medivac  
  111  15:28  Marine x2  
  113  15:31  Missile Turret  
  113  15:46  Marine x5  
  113  15:47  Marauder, Marine  
  121  15:53  Marauder, Marine  
  124  16:06  Orbital Command  
  124  16:08  Concussive Shells  
  124  16:10  Marine  
  127  16:11  Marauder  
  127  16:13  Widow Mine x2  
  127  16:14  Marine  
  127  16:15  Marauder  
  127  16:18  Marauder  
  134  16:20  Marine  
  133  16:26  Planetary Fortress  
  135  16:32  Marauder  
  135  16:35  Widow Mine  
  137  16:40  Thor  
  137  16:41  Marine  
  137  16:42  Marine, Marauder  
  137  16:45  SCV x2  
  145  16:47  Marauder, Marine x2  
  149  16:56  Marine  
  149  16:57  Marauder  
  149  16:58  Widow Mine  
  154  17:02  Missile Turret  
  154  17:03  SCV x2  
  154  17:05  Marauder  
  158  17:14  Marine  
  158  17:15  Marauder  
  161  17:20  Widow Mine  
  161  17:21  Marine x7  
  161  17:22  Marauder  
  172  17:23  Widow Mine  
  172  17:27  SCV x2  
  172  17:28  SCV  
  172  17:29  Command Center, SCV  
  178  17:30  Refinery  
  178  17:31  Refinery  
  178  17:36  Missile Turret x2  
  178  17:39  SCV x2  
  180  17:44  Refinery  
  180  17:45  Refinery  
  180  17:46  Supply Depot x2  
  180  17:51  SCV, Marine x6  
  177  17:52  Marine x2  
  177  17:53  Marine  
  177  17:55  Marine  
  177  17:56  Marine  
  180  17:58  Widow Mine  
  180  18:00  Medivac  
  174  18:08  Widow Mine  
  174  18:09  Marauder x2, Marine x4  
  174  18:10  Marine x2  
  174  18:11  Marine  
  185  18:13  Marine  
  185  18:14  Marine  
Show
View Real Time Build Order
Export as new Build Order

Lambo Zerg 

Build Orders: Hatch First 

Get SALT Encoding   

  12  0:00  Drone  
  13  0:12  Overlord  
  13  0:18  Drone  
  14  0:30  Drone x2  
  16  0:47  Hatchery  
  15  0:50  Drone  
  15  0:54  Drone  
  17  0:57  Drone  
  18  1:08  Extractor  
  17  1:12  Spawning Pool  
  17  1:15  Drone  
  17  1:19  Drone  
  18  1:27  Drone  
  19  1:38  Drone  
  20  1:49  Drone  
  21  1:59  Queen x2  
  21  2:00  Zergling x4  
  27  2:12  Hatchery  
  26  2:17  Overlord  
  26  2:20  Drone  
  27  2:27  Drone  
  28  2:35  Drone x3  
  31  2:39  Queen  
  33  2:44  Metabolic Boost  
  33  2:48  Overlord  
  33  2:52  Drone  
  33  2:55  Drone  
  33  2:56  Drone  
  36  3:06  Queen  
  36  3:09  Drone x3  
  36  3:11  Drone  
  42  3:15  Drone x2  
  43  3:23  Overlord  
  43  3:25  Queen  
  45  3:33  Queen  
  47  3:37  Drone  
  47  3:39  Drone  
  49  3:42  Drone, Overlord  
  49  3:45  Drone x3  
  49  3:46  Drone  
  54  3:53  Queen  
  57  3:55  Zergling x2  
  57  3:57  Overlord  
  57  4:01  Zergling x6  
  60  4:04  Queen  
  60  4:07  Drone  
  60  4:08  Drone  
  64  4:12  Zergling x2  
  65  4:18  Overlord  
  65  4:22  Baneling Nest  
  65  4:23  Zergling x12  
  70  4:28  Zergling x2  
  70  4:29  Drone x2  
  73  4:36  Zergling x2  
  73  4:37  Zergling x4  
  76  4:45  Zergling x4  
  76  4:50  Spore Crawler x2  
  76  4:51  Spore Crawler  
  70  4:53  Drone x5  
  70  4:56  Drone  
  74  5:00  Drone x2  
  74  5:06  Drone x4  
  74  5:10  Lair  
  74  5:11  Drone  
  72  5:14  Drone  
  72  5:17  Drone  
  72  5:19  Drone  
  74  5:24  Drone  
  74  5:25  Extractor  
  74  5:28  Queen  
  74  5:29  Drone x4  
  74  5:35  Overlord  
  78  5:37  Drone  
  78  5:38  Overlord  
  78  5:44  Drone x3  
  78  5:47  Drone  
  81  5:50  Overlord  
  81  5:54  Drone x4  
  84  5:58  Drone x3  
  84  6:00  Drone x2  
  84  6:01  Extractor  
  88  6:06  Extractor  
  88  6:07  Drone  
  88  6:09  Drone x2  
  89  6:13  Overseer  
  89  6:14  Spire  
  89  6:16  Drone x6  
  94  6:19  Extractor x2, Drone x2  
  94  6:24  Drone  
  95  6:29  Drone  
  95  6:32  Drone  
  97  6:36  Hatchery  
  97  6:37  Centrifugal Hooks  
  96  6:41  Overlord  
  96  6:46  Zergling x14  
  103  6:47  Evolution Chamber  
  103  6:49  Evolution Chamber  
  103  6:51  Overlord  
  103  6:53  Overlord x2  
  101  6:56  Overseer  
  101  6:57  Overlord  
  101  7:03  Zergling x6  
  101  7:07  Overlord  
  104  7:12  Overlord  
  104  7:13  Zerg Melee Weapons Level 1  
  104  7:14  Overlord  
  104  7:20  Zerg Ground Armor Level 1  
  104  7:26  Mutalisk x6  
  104  7:28  Zergling x8  
  120  7:35  Baneling x5  
  120  7:36  Zergling x8  
  124  7:39  Zergling x2  
  125  7:45  Overlord  
  125  7:49  Zergling x16  
  133  7:51  Baneling x2  
  133  7:59  Drone  
  133  8:00  Drone x2  
  133  8:05  Zergling x10  
  141  8:07  Baneling  
  132  8:14  Hatchery  
  132  8:16  Mutalisk x6  
  132  8:19  Overseer  
  137  8:21  Zergling x6  
  137  8:24  Zergling x6  
  143  8:33  Mutalisk  
  143  8:34  Mutalisk  
  143  8:35  Overlord  
  143  8:37  Zergling x10  
  152  8:41  Zergling x6  
  152  8:42  Baneling x3  
  152  8:45  Zergling x8  
  159  8:54  Zergling x8  
  159  8:59  Zergling x10  
  156  9:05  Mutalisk  
  156  9:06  Mutalisk x3  
  146  9:15  Mutalisk  
  139  9:17  Zergling x2  
  139  9:18  Zergling x12  
  139  9:22  Zerg Ground Armor Level 2  
  139  9:24  Drone x2  
  144  9:31  Drone x5  
  149  9:41  Mutalisk x3  
  149  9:44  Baneling  
  155  9:47  Zergling x6  
  155  9:48  Hatchery  
  155  9:51  Zergling x2  
  155  9:52  Zergling x6  
  161  10:00  Extractor  
  161  10:01  Queen  
  161  10:02  Zergling x8  
  166  10:08  Zerg Flyer Weapons Level 1  
  166  10:09  Overlord x2  
  166  10:11  Queen  
  166  10:13  Overlord  
  168  10:19  Baneling x4  
  168  10:20  Overlord  
  167  10:24  Overlord  
  167  10:25  Overlord  
  167  10:32  Zergling x24  
  179  10:40  Mutalisk x4  
  181  10:50  Mutalisk x3  
  181  10:53  Zergling x14  
  179  10:58  Zergling x10  
  179  11:03  Zergling x2  
  178  11:08  Baneling x9  
  178  11:09  Zergling x4  
  178  11:10  Baneling x7  
  180  11:12  Zergling x4  
  180  11:13  Baneling x2  
  180  11:17  Zergling x2  
  180  11:18  Overseer  
  183  11:19  Baneling x4  
  159  11:26  Zergling x16  
  159  11:29  Zergling x2  
  159  11:30  Baneling x3  
  159  11:32  Zergling x6  
  167  11:34  Mutalisk  
  167  11:36  Zergling x4  
  166  11:40  Zergling x8  
  166  11:43  Zergling x2  
  166  11:47  Zergling x6  
  166  11:51  Zergling x10  
  168  11:54  Zergling x2  
  168  11:59  Zergling x10  
  148  12:01  Zergling x2  
  148  12:05  Baneling x4  
  148  12:07  Zergling x2  
  143  12:13  Zergling x4  
  139  12:16  Baneling x7  
  139  12:19  Zergling x8  
  139  12:21  Baneling x2  
  138  12:28  Zergling x4  
  140  12:36  Mutalisk  
  142  12:53  Mutalisk x3  
  142  12:56  Baneling x3  
  142  12:57  Overseer, Hatchery  
  147  13:03  Zergling x6  
  149  13:06  Zergling x6  
  149  13:11  Zergling x6  
  154  13:18  Zergling x12  
  156  13:26  Mutalisk x3  
  162  13:33  Mutalisk x2  
  162  13:40  Zergling x6  
  167  13:48  Mutalisk x5  
  177  13:59  Mutalisk x2  
  179  14:05  Extractor  
  179  14:06  Extractor  
  169  14:17  Zergling x2  
  169  14:18  Zergling x22  
  169  14:21  Zergling x2  
  161  14:33  Baneling x2  
  161  14:34  Baneling x2  
  151  14:39  Overseer  
  151  14:40  Mutalisk x2, Corruptor  
  157  14:46  Zergling x14  
  149  14:52  Mutalisk  
  149  14:58  Zergling x2  
  137  15:02  Zergling x4  
  127  15:11  Zergling x2  
  127  15:13  Zergling x10  
  124  15:26  Overseer, Baneling x3  
  124  15:30  Mutalisk  
  124  15:31  Baneling  
  124  15:32  Hatchery  
  125  15:37  Pneumatized Carapace  
  125  15:38  Zergling x2  
  125  15:42  Mutalisk  
  128  15:46  Zergling x4  
  130  15:56  Mutalisk x2  
  128  16:02  Overseer  
  130  16:08  Zergling x2  
  130  16:09  Zergling x6, Baneling  
  130  16:10  Baneling  
  133  16:12  Zergling x2  
  133  16:15  Zergling x2  
  135  16:24  Baneling x4  
  135  16:37  Zergling x10  
  135  16:38  Zergling x4  
  141  16:49  Baneling  
  141  16:52  Mutalisk x2  
  145  17:01  Zergling x6  
  145  17:08  Mutalisk x2  
  151  17:26  Hatchery  
  150  17:30  Mutalisk x2  
  154  17:41  Mutalisk x3  
  160  17:49  Zergling x10  
  154  17:54  Zergling x6  
  156  18:01  Zergling x2  
  156  18:02  Zergling x6  
  154  18:08  Zergling x8  
  156  18:15  Zergling x8  

Tags
 
Add a new tag
Caveats
  • Supply blocks, unpowered buildings, or Contaminate may cause inaccurate times.
  • Supply counts are checked every 10 seconds.